 Dungeon Crawl Stone Soup version 0.30-a0-1066-g63dfefce0d (webtiles) character file.

Game seed: 2738080183331136031

438 jimonade the Sneak (level 7, -2/45 HPs)
             Began as an Octopode Transmuter on Apr 12, 2023.
             Slain by a gnoll
             ... wielding a +2 heavy flail
              (19 damage)
             ... on level 4 of the Dungeon.
             The game lasted 00:11:31 (3286 turns).

jimonade the Sneak (Octopode Transmuter)            Turns: 3286, Time: 00:11:32

Health: -2/45      AC:  1    Str: 11    XL:     7   Next: 1%
Magic:  10/10      EV: 13    Int: 15    God:
Gold:   100        SH:  0    Dex: 13    Spells: 9/10 levels left

rFire   . . .      SeeInvis .      - Unarmed
rCold   . . .      Faith    .    (no shield)
rNeg    . . .      Spirit   .    (helmet restricted)
rPois   .          Reflect  .    (no amulet)
rElec   .          Rampage  .    j - ring of wizardry
rCorr   +                        p - ring of resist corrosion
Will    .....                    (no ring)
Stlth   ++++                     (no ring)
HPRegen 0.27/turn                (no ring)
MPRegen 0.12/turn                (no ring)
                                 (no ring)
                                 (no ring)

@: no status effects
A: almost no armour, amphibious, 8 rings, camouflage 1, gelatinous body 1,
(nimble swimmer 1), tentacles
a: no special abilities


You were on level 4 of the Dungeon.
You visited 1 branch of the dungeon, and saw 4 of its levels.
You also visited: Sewer.

You collected 100 gold pieces.

Inventory:

Hand Weapons
 b - a +2 sling of flaming
 d - a +0 dagger of holy wrath
 e - a +1 dagger of holy wrath
 l - a +2 mace of protection
Jewellery
 j - a ring of wizardry (left tentacle)
 p - a ring of resist corrosion (right tentacle)
Wands
 t - a wand of flame (16)
Scrolls
 g - a scroll of identify
 n - 2 scrolls of teleportation
 o - a scroll of amnesia
 q - 4 scrolls of fog {unknown}
 r - a scroll of blinking
 v - a scroll of noise {unknown}
 w - a scroll of brand weapon {unknown}
 x - a scroll of enchant weapon {unknown}
 y - a scroll of vulnerability {unknown}
Potions
 a - 3 potions of lignification
 c - 2 potions of curing
 f - a potion of mutation {unknown}
 h - a potion of magic {unknown}
 i - a potion of flight {unknown}
 k - 2 potions of might {unknown}
 m - 2 potions of brilliance {unknown}
 u - a potion of haste
 z - 2 potions of cancellation {unknown}
Miscellaneous
 s - a lightning rod (4/4)


   Skills:
 + Level 2.2 Fighting
 + Level 2.5 Ranged Weapons
 + Level 2.6 Dodging
 + Level 5.0 Stealth
 + Level 4.9 Unarmed Combat
 + Level 2.4 Spellcasting
 + Level 2.3 Transmutations


You had 9 spell levels left.
You knew the following spells:

 Your Spells              Type           Power      Damage    Failure   Level
a - Beastly Appendage     Tmut           16%        N/A       3%          1

Your spell library contained the following spells:

 Spells                   Type           Power      Damage    Failure   Level
 Wereblood                Tmut           8%         N/A       4%          2
 Spider Form              Tmut/Pois      5%         N/A       16%         3
 Ignite Poison            Fire/Tmut/Pois 4%         N/A       19%         3
 Ice Form                 Ice/Tmut       5%         N/A       45%         4
 Sticky Flame             Conj/Fire      1%         2d3       61%         4
 Ignition                 Fire           0%         3d3       100%        8
 Chain Lightning          Conj/Air       0%         2d1       100%        9
 Fire Storm               Conj/Fire      0%         6d1       100%        9
 Shatter                  Erth           0%         3d5*      100%        9


Dungeon Overview and Level Annotations

Branches:
Dungeon (4/15)              Sewer (visited)
 Temple: D:4-7

Altars:
Ashenzari
Hepliaklqana
Nemelex Xobeh
The Shining One

Shops:
D:1 :

Annotations:
D:2 Robin, Terence
D:3 1 runed translucent door, Crazy Yiuf


Innate Abilities, Weirdness & Mutations

You cannot wear most types of armour.
You are amphibious.
You can wear up to eight rings at the same time.
Your skin changes colour to match your surroundings (Stealth+).
Your rubbery body absorbs attacks. (AC +1, EV +1)
((You are camouflaged when in or above water. (Stealth+)))
You have tentacles for arms and can constrict up to eight enemies at once.


Message History

Your grab misses the gnoll. You tentacle-slap the gnoll.
The gnoll is lightly wounded.
The gnoll misses you.
You barely miss the gnoll. You grab the gnoll.
The gnoll is lightly wounded.
You constrict the gnoll, but do no damage.
The gnoll struggles to escape constriction.
You tentacle-slap the gnoll.
The gnoll is moderately wounded.
You constrict the gnoll. The gnoll closely misses you.
The gnoll barely misses you.
You tentacle-slap the gnoll but do no damage.
The gnoll is heavily wounded.
You constrict the gnoll.
The gnoll struggles to escape constriction.
You tentacle-slap the gnoll.
You kill the gnoll!
The gnoll hits you with a +2 heavy flail!
You have reached level 7!
You tentacle-slap the gnoll. Your grab misses the gnoll.
Your squeeze misses the gnoll.
The gnoll is lightly wounded.
The gnoll misses you.
Casting: Beastly Appendage (safe; 3% risk of failure)
Confirm with . or Enter, or press ? or * to list all spells.
Okay, then.
Unknown command.
You tentacle-slap the gnoll. You grab the gnoll.
The gnoll is moderately wounded.
You constrict the gnoll. The gnoll closely misses you.
The gnoll hits you from afar with a +0 halberd!
The gnoll throws a stone.
The stone closely misses you.
You tentacle-slap the gnoll but do no damage.
You squeeze the gnoll!
The gnoll is almost dead.
You constrict the gnoll, but do no damage.
The gnoll closely misses you.
The gnoll throws a throwing net.
The throwing net misses you.
The gnoll hits you with a +2 heavy flail!!
You die...

#.......# #...# #..........##
#......>#### #...# #..........#
####.#.....# #...# #..........#
#.#.....# #...####..........##
#.##....###.....##..........#.
#..#..#...#...#.##............
##.#..###.#...#.##..........#.
#####.#..###.....g.##............
..........#(....@)g<.............
..........#...####g.....g..[.....
..........#...#...........#####.#
#####.#.#.#.....##..#.###.##....#
#####..................##....†..#
#......##.#...######.#.##.##.....
#...#.##......# #.#....##.....
..........#...######.#..####....#
...##.###.#...##...........#>...#


You could see 3 gnolls.

Vanquished Creatures
  2 bullfrogs (Sewer)
  A howler monkey (D:4)
  Natasha (thrice) (D:3)
  10 adders
  A gnoll (D:4)
  A worm (D:4)
  4 dart slugs
  17 ball pythons
  3 bats
  5 endoplasms
  9 giant cockroaches
  10 goblins
  6 hobgoblins
  4 kobolds
  2 quokkas (Sewer)
  9 frilled lizards
  A rat (D:1)
88 creatures vanquished.

Notes
Turn   | Place    | Note
-------+----------+-------------------------------------------
     0 | D:1      | jimonade the Octopode Transmuter began the quest for the
                  | Orb.
     0 | D:1      | Reached XP level 1. HP: 13/13 MP: 3/3
    79 | D:1      | Reached XP level 2. HP: 15/18 MP: 5/5
   117 | D:1      | Found Esups's Vocational Training.
   247 | D:1      | Reached skill level 1 in Stealth
   255 | D:1      | Reached XP level 3. HP: 18/23 MP: 3/6
   914 | D:2      | Noticed Terence
  1065 | D:2      | Noticed Robin
  1192 | D:2      | You fall into a shaft and drop 1 floor!
  1209 | D:3      | Reached skill level 2 in Stealth
  1274 | D:3      | Noticed Natasha
  1281 | D:3      | Killed Natasha
  1282 | D:3      | Reached XP level 4. HP: 7/28 MP: 7/7
  1393 | D:3      | Reached skill level 3 in Stealth
  1504 | D:3      | Found a glowing drain.
  1532 | Sewer    | Entered a sewer
  1867 | Sewer    | Reached XP level 5. HP: 30/33 MP: 8/8
  2077 | Sewer    | Reached skill level 1 in Ranged Weapons
  2077 | Sewer    | Reached skill level 4 in Stealth
  2080 | Sewer    | Reached XP level 6. HP: 17/38 MP: 9/9
  2278 | Sewer    | Identified the +5 ring mail of Zin's Righteous Fury {rPois
                  | rF- Regen+ Str+4}
  2390 | D:3      | Noticed Natasha
  2392 | D:3      | Killed Natasha
  2452 | D:3      | Found a runed translucent door.
  2453 | D:3      | Noticed Crazy Yiuf
  2494 | D:3      | Noticed Natasha
  2503 | D:3      | Killed Natasha
  2914 | D:4      | Found a glowing golden altar of the Shining One.
  2936 | D:4      | Found a sparkling altar of Nemelex Xobeh.
  2989 | D:4      | Found a broken altar of Ashenzari.
  2989 | D:4      | Found a hazy altar of Hepliaklqana.
  2992 | D:4      | Reached skill level 5 in Stealth
  3284 | D:4      | Reached XP level 7. HP: 28/45 MP: 10/10
  3286 | D:4      | Slain by a gnoll

Illustrated notes

Levels and vault maps discovered:
D:1:      zaba_arrival_water, layout_basic, nicolae_shop_vocational
D:2:      layout_basic, minivault_11, minmay_mini_jars, uniq_robin, uniq_terence
D:3:      layout_rooms, gup_sewer_entry_glass, kennysheep_generic_room_8,
          uniq_natasha, uniq_crazy_yiuf_cottage
D:4:      layout_rooms, mainiacjoe_overflow_alcove_2,
          gammafunk_temple_overflow_elements, mainiacjoe_overflow_chevrons,
          minmay_cupped

Skill      XL: |  1  2  3  4  5  6 |
---------------+-------------------+-----
Stealth        | 1 2 3 4 5 |  5.0
Unarmed Combat | 4 |  4.9
Ranged Weapons | 1 2 |  2.5
Fighting       | 2 |  2.2
Dodging        | |  2.6
Spellcasting   | |  2.4
Transmutations | |  2.3

Action                     |  1- 3 |  4- 6 |  7- 9 || total
---------------------------+-------+-------+-------++-------
  Melee: Unarmed           |    73 |    80 |     3 ||   156
         Constrict         |    17 |    23 |     1 ||    41
         Tentacles         |    10 |    14 |     1 ||    25
         Kick              |     1 |     1 |       ||     2
         Punch             |     2 |     3 |       ||     5
   Fire: Sling             |       |    39 |       ||    39
   Cast: Beastly Appendage |     3 |     1 |       ||     4
    Use: Scroll            |     2 |     2 |       ||     4
   Stab: Sleeping          |    15 |     8 |       ||    23
 Armour: Skin              |     7 |     6 |       ||    13
  Dodge: Dodged            |    33 |    46 |     5 ||    84

Table legend: (Time is in decaauts)
 A = Elapsed time spent in this place.
 B = Non-inter-level travel time spent in this place.
 C = Inter-level travel time spent in this place.
 D = Time resting spent in this place.
 E = Time spent auto-exploring this place.
 F = Levels seen in this place.
 G = Mean time per level.
                   A        B        C        D        E       F      G
               +--------+--------+--------+--------+--------+-----+--------+
         Total |   3277 |   3243 |     34 |    577 |   1462 |   5 |  655.4 |
       Dungeon |   2454 |   2420 |     34 |    138 |   1429 |   4 |  613.5 |
         Sewer |    823 |    823 |      0 |    439 |     33 |   1 |  823.0 |
               +--------+--------+--------+--------+--------+-----+--------+

Top non-repeatable levels by time:
     D:3: 835 daAuts
   Sewer: 823 daAuts
     D:1: 726 daAuts
     D:2: 460 daAuts
     D:4: 431 daAuts
